 Dungeon Crawl Stone Soup version 0.18-a0-1405-g73f4075 (webtiles) character file.

129 Kidiri the Magician (level 4, -1/25 HPs)
             Began as a Deep Elf Fire Elementalist on Feb 24, 2016.
             Killed by nerve-wracking pain
             ... invoked by an orc priest
              (12 damage)
             ... on level 3 of the Dungeon.
             The game lasted 00:07:55 (3408 turns).

Kidiri the Magician (Deep Elf Fire Elementalist)    Turns: 3408, Time: 00:07:55

Health: -1/25      AC:  2    Str:  5    XL:     4   Next: 88%
Magic:  0/11       EV: 13    Int: 21    God:
Gold:   126        SH:  0    Dex: 15    Spells: 4 memorised, 2 levels left

rFire  . . .     SeeInvis .     o - +0 dagger
rCold  . . .     Gourm    .     a - +0 robe
rNeg   . . .     Faith    .     (no shield)
rPois  .         Spirit   .     (no helmet)
rElec  .         Dismiss  .     (no cloak)
rCorr  .         Reflect  .     (no gloves)
SustAt .         Harm     .     (no boots)
MR     +....                    (no amulet)
Stlth  ++........               (no ring)
                                p - ring of protection from magic

@: somewhat resistant to hostile enchantments, unstealthy
A: talons 1, blurry vision 1, low mp 1, screaming 1, evolution 1, subdued magic
1
a: no special abilities


You were on level 3 of the Dungeon.
You were not hungry.

You visited 1 branch of the dungeon, and saw 3 of its levels.

You collected 126 gold pieces.

Inventory:

Hand Weapons
 o - a +0 dagger (weapon)
Missiles
 n - a throwing net (quivered)
Armour
 a - a +0 robe (worn)
Jewellery
 p - a ring of protection from magic (left hand)
Scrolls
 d - a scroll of random uselessness {unknown}
 e - a scroll of noise {unknown}
 k - 3 scrolls of remove curse {unknown}
Potions
 f - a potion of agility
 h - a potion of lignification
 l - a potion of curing
 m - 3 potions of brilliance {unknown}
Books
 b - a book of Flames

   Spells                             Type                      Level
   a - Flame Tongue                   Conjuration/Fire             1
   b - Throw Flame                    Conjuration/Fire             2
   c - Conjure Flame                  Conjuration/Fire             3
   d - Inner Flame                    Hexes/Fire                   3
   e - Sticky Flame                   Conjuration/Fire             4
   f - Fireball                       Conjuration/Fire             5
Comestibles
 c - 2 bread rations
 g - 3 chunks of flesh
 i - 4 meat rations


   Skills:
 + Level 1.2 Fighting
 + Level 3.0 Dodging
 + Level 3.4 Stealth
 * Level 4.2 Spellcasting
 + Level 1.8 Conjurations
 + Level 1.5 Hexes
 + Level 3.8 Fire Magic


You had 2 spell levels left.
You knew the following spells:

 Your Spells              Type           Power        Failure   Level  Hunger
a - Flame Tongue          Conj/Fire      ##...        1%          1    None
b - Throw Flame           Conj/Fire      ##....       3%          2    #......
c - Conjure Flame         Conj/Fire      ##......     7%          3    ###....
d - Inner Flame           Hex/Fire       ##......     7%          3    ###....


Dungeon Overview and Level Annotations

Branches:
Dungeon (3/15)

Altars:

Annotations:
D:2 Sigmund


Innate Abilities, Weirdness & Mutations

You have sharp toenails.
Scrolls take you a little longer to read.
Your magical capacity is low (-10% MP).
You occasionally shout uncontrollably at your foes.
You evolve.
Your spells are a little easier to cast, but a little less powerful.


Message History

Aiming: Flame Tongue
Press: ? - help, Shift-Dir - straight line, f/p - orc priest
Aim: an orc priest, wielding a hand axe and wearing a leather armour (heavily wounded)
The flame tongue hits the orc priest.
The orc priest is severely wounded.
The orc priest barely misses you.
Casting: Flame Tongue
Confirm with . or Enter, or press ? or * to list all spells.
Aiming: Flame Tongue
Press: ? - help, Shift-Dir - straight line, f/p - orc priest
Aim: an orc priest, wielding a hand axe and wearing a leather armour (severely wounded)
The flame tongue hits the orc priest.
The orc priest is almost dead.
The orc priest hits you with a hand axe!
You hit the orc priest but do no damage.
You claw the orc priest, but do no damage.
The orc priest is almost dead.
The orc priest calls down the wrath of Beogh upon you.
Pain shoots through your body!
You die...

#.....#.#
#..####.# #..# .#
#..# .# #..# .#
#.#######..# .#
...........# )#
.........).####o#
######.......)@%#
############


You could see an orc priest.

Vanquished Creatures
  An orc priest (D:3)
  Terence (D:2)
  An adder (D:2)
  3 worms
  3 dart slugs
  3 giant geckos
  3 orcs (D:3)
  2 giant cockroaches
  2 goblins (D:1)
  4 hobgoblins (D:1)
  8 jackals
  A ball python (D:2)
  9 bats
  2 giant newts (D:2)
  4 kobolds
  3 rats
50 creatures vanquished.

Notes
Turn   | Place    | Note
--------------------------------------------------------------
     0 | D:1      | Kidiri the Deep Elf Fire Elementalist began the quest for the Orb.
     0 | D:1      | Reached XP level 1. HP: 10/10 MP: 6/6
   346 | D:1      | Reached XP level 2. HP: 16/16 MP: 1/8
   350 | D:1      | Learned a level 2 spell: Throw Flame
   817 | D:1      | Reached skill level 1 in Fighting
  1291 | D:1      | Reached XP level 3. HP: 16/20 MP: 1/9
  1352 | D:1      | Learned a level 3 spell: Conjure Flame
  1767 | D:2      | Learned a level 3 spell: Inner Flame
  2102 | D:2      | Gained mutation: Your spells are a little easier to cast, but a little less powerful. [potion of mutation]
  2102 | D:2      | Gained mutation: You occasionally shout uncontrollably at your foes. [potion of mutation]
  2102 | D:2      | Gained mutation: You evolve. [potion of mutation]
  2636 | D:2      | Noticed Terence
  2662 | D:2      | Killed Terence
  2662 | D:2      | Reached skill level 1 in Hexes
  2662 | D:2      | Reached XP level 4. HP: 12/25 MP: 5/11
  2711 | D:2      | Gained mutation: Scrolls take you a little longer to read. [potion of mutation]
  2711 | D:2      | Gained mutation: Your magical capacity is low (-10% MP). [potion of mutation]
  2711 | D:2      | Gained mutation: You have sharp toenails. [potion of mutation]
  2869 | D:2      | Noticed Sigmund
  3307 | D:3      | Reached skill level 4 in Spellcasting
  3408 | D:3      | Killed from afar by an orc priest

Vault maps used:
D:1:      erik_arrival_blinker_ship
D:2:      first_bread, kennysheep_generic_room_11, uniq_terence, uniq_sigmund
D:3:      ashenzari_altar_1, minmay_fountain_box

Skill      XL: |  1  2  3  4 |
---------------+-------------+-----
Fighting       | 1 |  1.2
Stealth        | 3 |  3.4
Hexes          | 1 |  1.5
Spellcasting   | 4 |  4.2
Dodging        | 3 |  3.0
Conjurations   | |  1.8
Fire Magic     | |  3.8

Action                   |  1- 3 |  4- 6 || total
-------------------------+-------+-------++-------
Melee: Dagger            |    24 |     3 ||    27
 Cast: Flame Tongue      |    86 |    16 ||   102
       Throw Flame       |    14 |     2 ||    16
       Conjure Flame     |       |     1 ||     1
       Inner Flame       |       |     1 ||     1
  Use: Scroll            |     3 |     1 ||     4
       Potion            |     1 |     1 ||     2
 Stab: Sleeping          |     3 |       ||     3
  Eat: Bread ration      |     1 |     1 ||     2
       Chunk             |     1 |       ||     1
       Beef jerky        |       |     1 ||     1
